 Dungeon Sprint DCSS version 0.31-a0-986-g5e6e4ef867 (webtiles) character file.

Game seed: 15565241160242837614

22583 mightbedylan the Warrior (level 12, -1/133 HPs)
             Began as a Minotaur Berserker on Nov 13, 2023.
             Was the Champion of Trog.
             Killed from afar by a tengu reaver (23 damage)
             ... with a bolt of cold
             ... in the Dungeon (Sprint IX: "|||||||||||||||||||||||||||||").
             The game lasted 00:29:48 (1677 turns).

mightbedylan the Warrior (Minotaur Berserker)       Turns: 1677, Time: 00:29:49

Health: -1/133     AC: 28    Str: 29    XL:     12   Next: 64%
Magic:  11/11      EV: 16    Int:  4    God:    Trog [******]
Gold:   1586       SH:  0    Dex: 11    Spells: 11/11 levels left

rFire   . . .        H - +7 executioner's axe (flame)
rCold   . . .        (shield currently unavailable)
rNeg    . . .        O - +4 chain mail
rPois   .            (helmet restricted)
rElec   .            m - +0 cloak
rCorr   .            Q - +1 pair of gloves
SInv    .            w - +1 pair of boots {Fly}
Will    ++...        (no amulet) Stlth
                     o - +2 ring of protection
HPRegen 1.42/turn    p - +3 ring of strength
MPRegen 0.12/turn

%: no teleportation
@: mighty, strong-willed, on berserk cooldown, flying, regenerating, slowed,
very slow
A: horns 2, retaliatory headbutt
a: Renounce Religion, Berserk, Trog's Hand, Brothers in Arms


You were in the Dungeon.
You worshipped Trog.
Trog was exalted by your worship.
You visited 1 branch You collected 1953 gold pieces.
You spent 367 gold pieces at shops.

Inventory:

Hand Weapons
 y - the +4 executioner's axe of Trog's Esteem {flame, rC+}
   (Trog gifted it to you in the Dungeon)

   rC+:       It protects you from cold.
 D - a +9 heavy executioner's axe
 H - a +7 executioner's axe of flaming (weapon)
Missiles
 z - 4 throwing nets
Armour
 m - a +0 cloak (worn)
 w - a +1 pair of boots of flying (worn)
 O - a +4 chain mail (worn)
 Q - a +1 pair of gloves (worn)
 R - a +4 ring mail of cold resistance
 S - +1 fire dragon scales
Jewellery
 o - a +2 ring of protection (left hand)
 p - a +3 ring of strength (right hand)
Wands
 j - a wand of roots (9)
 G - a wand of flame (28)
Scrolls
 a - a scroll of fear
 b - 2 scrolls of enchant weapon
 h - a scroll of blinking
 k - 2 scrolls of enchant armour
 l - a scroll of identify
 I - a scroll of poison {unknown}
Potions
 c - 4 potions of curing
 d - a potion of invisibility
 e - a potion of haste
 f - 4 potions of magic
 g - 2 potions of berserk rage
 i - 9 potions of heal wounds
 C - a potion of enlightenment
 T - a potion of mutation


   Skills:
 + Level 20.0 Fighting
 + Level 20.0 Axes
 + Level 19.8 Armour
 + Level 18.3 Dodging


You had 11 spell levels left.
You didn't know any spells.
Your spell library was empty.

Dungeon Overview and Level Annotations

Branches:
Dungeon (1/1)

Altars:
Cheibriados
Dithmenos
Elyvilon
Fedhas
Gozag
Hepliaklqana
Kikubaaqudgha
Makhleb
Nemelex Xobeh
Okawaru
Qazlal
Ru
Sif Muna
Trog
Uskayaw
Vehumet
Wu Jian
Xom
Yredelemnul
Zin
The Shining One
Jiyva
Lugonu

Shops:
D :**=


Innate Abilities, Weirdness & Mutations

You have a pair of horns on your head.
You reflexively headbutt those who attack you in melee.


Message History

You slice the stone giant like a ripe choko!!!
You burn the stone giant.
You kill the stone giant!
Trog accepts your kill.
The tengu reaver gestures at you while chanting.
The bolt of cold misses you.
Your Fighting skill increases to level 20!
Your Axes skill increases to level 20!
The tengu reaver hits you with a +2 great sword of holy wrath.
The tengu reaver misses you.
The tengu reaver claws you but does no damage.
The cyan very ugly thing basks in the mutagenic energy from its kin and changes!
The tengu reaver hits you with a +2 great sword of holy wrath!!
* * * LOW HITPOINT WARNING * * *
The tengu reaver pecks you.
* * * LOW HITPOINT WARNING * * *
The tengu reaver claws you but does no damage.
Things that are here:
6 large rocks; a +0 orcbow; a centaur corpse You feel much better.
The tengu reaver hits you but does no damage.
The tengu reaver pecks you. The tengu reaver claws you.
You slice the tengu reaver!! You burn the tengu reaver.
Your headbutt misses the tengu reaver.
The tengu reaver is moderately wounded.
The tengu reaver points at you and mumbles some strange words.
The bolt of acid hits you!!
* * * LOW HITPOINT WARNING * * *
The white very ugly thing basks in the mutagenic energy from its kin and changes!
A flayed ghost comes into view.
The tengu reaver hits you with a +2 great sword of holy wrath!
* * * LOW HITPOINT WARNING * * *
The tengu reaver pecks you but does no damage.
The tengu reaver claws you but does no damage.
You slash the tengu reaver! You burn the tengu reaver.
The tengu reaver is moderately wounded.
The cyan ugly thing basks in the mutagenic energy from its kin and changes!
The tengu reaver gestures at you while chanting.
The bolt of cold hits you!!
You die...

▓_▓.▓.▓.▓)▓.▓.▓
▓_▓.▓.▓.▓)▓.▓)▓
▓'▓.▓†▓.▓)▓.▓.▓
▓.▓.▓.▓.▓)▓.▓)▓
▓.▓.▓†▓.▓)▓.▓.▓
▓)▓.▓.▓.▓.▓)▓)▓
▓.▓.▓.▓.▓.▓)▓)▓
▓.▓.▓.▓.▓∩▓.▓)▓
▓.▓.▓.▓.▓.▓.▓@▓
▓.▓.▓.▓.▓∩▓.▓Q▓
▓.▓.▓.▓.▓)▓.▓D▓
▓.▓.▓.▓.▓∩▓.▓D▓
▓)▓.▓(▓.▓)▓.▓u▓
▓.▓.▓.▓.▓∩▓.▓u▓
▓.▓.▓.▓.▓.▓.▓Z▓
▓.▓.▓'▓.▓.▓.▓W▓
▓.▓.▓.▓.▓.▓.▓


You could see a cyan very ugly thing, a fire dragon, an ice dragon, a tengu
reaver (repels missiles), a purple ugly thing, a flayed ghost and an adder
simulacrum.

Vanquished Creatures
  A stone giant (D)
  Josephine (D)
  Harold (D)
  A centaur warrior (D)
  A two-headed ogre (D)
  A tengu warrior (D)
  4 orc knights (D)
  4 lindwurms (D)
  2 deep elf pyromancers (D)
  An ugly thing (D)
  11 orc sorcerers (D)
  2 manticores (D)
  Maurice (D)
  2 black mambas (D)
  Psyche (D)
  2 cane toads (D)
  3 komodo dragons (D)
  An efreet (D)
  A meliai (D)
  A troll (D)
  A polar bear (D)
  A hornet (D)
  3 tyrant leeches (D)
  3 blink frogs (D)
  3 yaks (D)
  7 wraiths (D)
  A basilisk (D)
  2 vampire mosquitoes (D)
  2 water moccasins (D)
  9 orc warriors (D)
  A black bear (D)
  A wolf (D)
  2 orc priests (D)
  A sleepcap (D)
  An iguana (D)
  7 orc wizards (D)
  An adder (D)
  A worm (D)
  8 orcs (D)
  2 ball pythons (D)
  A goblin (D)
  A kobold (D)
  A rat (D)
102 creatures vanquished.

Vanquished Creatures (collateral kills)
  Gastronok (D)
  A cane toad (D)
2 creatures vanquished.

Grand Total: 104 creatures vanquished

Notes
Turn   | Place    | Note
-------+----------+-------------------------------------------
     0 | D        | mightbedylan the Minotaur Berserker began the quest for the
                  | Orb.
     0 | D        | Reached XP level 1. HP: 19/19 MP: 0/0
    18 | D        | Reached ** piety under Trog
    31 | D        | Noticed an iguana
    31 | D        | Noticed a sleepcap
    35 | D        | Killed an iguana
    36 | D        | Reached skill level 5 in Fighting
    36 | D        | Reached skill level 5 in Axes
    36 | D        | Reached XP level 2. HP: 10/29 MP: 1/1
    36 | D        | Reached XP level 3. HP: 12/36 MP: 2/2
    39 | D        | Reached *** piety under Trog
    46 | D        | Reached skill level 5 in Armour
    46 | D        | Reached XP level 4. HP: 44/44 MP: 3/3
    51 | D        | Found a snail-covered altar of Cheibriados.
    51 | D        | Found a shadowy altar of Dithmenos.
    51 | D        | Found a white marble altar of Elyvilon.
    51 | D        | Found a blossoming altar of Fedhas.
    51 | D        | Found an opulent altar of Gozag.
    52 | D        | Found a hazy altar of Hepliaklqana.
    53 | D        | Found a viscous altar of Jiyva.
    54 | D        | Found an ancient bone altar of Kikubaaqudgha.
    55 | D        | Found a corrupted altar of Lugonu.
    56 | D        | Found a burning altar of Makhleb.
    57 | D        | Found a sparkling altar of Nemelex Xobeh.
    58 | D        | Found an iron altar of Okawaru.
    59 | D        | Found a stormy altar of Qazlal.
    60 | D        | Found a sacrificial altar of Ru.
    61 | D        | Found a shimmering blue altar of Sif Muna.
    62 | D        | Found a bloodstained altar of Trog.
    63 | D        | Found a hide-covered altar of Uskayaw.
    64 | D        | Found a radiant altar of Vehumet.
    65 | D        | Found an ornate altar of the Wu Jian Council.
    66 | D        | Found a shimmering altar of Xom.
    67 | D        | Found a basalt altar of Yredelemnul.
    68 | D        | Found a glowing silver altar of Zin.
    69 | D        | Found a glowing golden altar of the Shining One.
   139 | D        | Noticed a troll
   139 | D        | Noticed a two-headed ogre
   139 | D        | Noticed a hornet
   139 | D        | Noticed a yak
   139 | D        | Noticed a yak
   139 | D        | Noticed a wraith
   146 | D        | Killed a troll
   146 | D        | Reached **** piety under Trog
   147 | D        | Reached XP level 5. HP: 56/56 MP: 4/4
   147 | D        | Reached XP level 6. HP: 62/62 MP: 5/5
   152 | D        | Killed a two-headed ogre
   153 | D        | Reached skill level 10 in Fighting
   153 | D        | Reached skill level 10 in Axes
   153 | D        | Reached skill level 10 in Armour
   153 | D        | Reached XP level 7. HP: 73/73 MP: 6/6
   154 | D        | Killed a hornet
   155 | D        | Reached skill level 10 in Dodging
   155 | D        | Reached XP level 8. HP: 82/82 MP: 7/7
   167 | D        | Reached ***** piety under Trog
   199 | D        | Noticed a deep elf pyromancer
   199 | D        | Noticed an efreet
   199 | D        | Noticed a manticore
   206 | D        | Killed an efreet
   209 | D        | Killed a manticore
   211 | D        | Killed a deep elf pyromancer
   211 | D        | Received a gift from Trog
   212 | D        | Reached XP level 9. HP: 92/92 MP: 8/8
   389 | D        | Noticed a komodo dragon
   389 | D        | Noticed a komodo dragon
   389 | D        | Noticed a komodo dragon
   395 | D        | Killed a komodo dragon
   400 | D        | Noticed a cane toad
   401 | D        | Killed a komodo dragon
   402 | D        | Killed a komodo dragon
   403 | D        | Noticed a polar bear
   404 | D        | Received a gift from Trog
   417 | D        | Killed a cane toad
   418 | D        | Reached XP level 10. HP: 72/104 MP: 9/9
   429 | D        | Noticed a cane toad
   429 | D        | Noticed a cane toad
   429 | D        | Noticed a black mamba
   431 | D        | Killed a cane toad
   432 | D        | Noticed a black mamba
   437 | D        | Killed a cane toad
   439 | D        | Received a gift from Trog
   440 | D        | Reached skill level 15 in Fighting
   440 | D        | Reached skill level 15 in Axes
   443 | D        | Killed a black mamba
   444 | D        | Reached skill level 15 in Armour
   449 | D        | Killed a black mamba
   602 | D        | Noticed a lindwurm
   602 | D        | Noticed a lindwurm
   610 | D        | Received a gift from Trog
   612 | D        | Killed a lindwurm
   613 | D        | Noticed a lindwurm
   615 | D        | Killed a lindwurm
   623 | D        | Killed a lindwurm
   624 | D        | Reached skill level 15 in Dodging
   624 | D        | Reached XP level 11. HP: 115/115 MP: 10/10
   630 | D        | Noticed a lindwurm
   634 | D        | Killed a lindwurm
   661 | D        | Noticed Gastronok
   667 | D        | Killed Gastronok
   667 | D        | Received a gift from Trog
   693 | D        | Noticed Josephine
   703 | D        | Killed Josephine
   706 | D        | Reached ****** piety under Trog
   740 | D        | Noticed Maurice
   741 | D        | Noticed Harold
   748 | D        | Killed Harold
   748 | D        | Received a gift from Trog
   753 | D        | Something stole a +2 heavy executioner's axe
   756 | D        | Something stole 48 gold
   760 | D        | Killed Maurice
   854 | D        | Noticed an orc sorcerer
   854 | D        | Noticed an orc knight
   861 | D        | Killed an orc sorcerer
   867 | D        | Killed an orc knight
   874 | D        | Received a gift from Trog
   881 | D        | Received a gift from Trog
   919 | D        | Noticed an orc knight
   923 | D        | Noticed an orc knight
   928 | D        | Killed an orc knight
   933 | D        | Killed an orc knight
   938 | D        | Received a gift from Trog
   989 | D        | Found Nusy's Book Emporium.
   989 | D        | Noticed an orc sorcerer
   989 | D        | Noticed an orc sorcerer
   989 | D        | Noticed an orc sorcerer
   989 | D        | Noticed an orc sorcerer
   990 | D        | Paralysed by an orc sorcerer for 4 turns
   991 | D        | Noticed an orc sorcerer
   993 | D        | Noticed a sun demon
   996 | D        | Killed an orc sorcerer
   996 | D        | Received a gift from Trog
   998 | D        | Killed an orc sorcerer
   999 | D        | Reached XP level 12. HP: 46/128 MP: 11/11
  1005 | D        | Found Momoet's Assorted Antiques.
  1006 | D        | Identified the +4 executioner's axe of Trog's Esteem
                  | {flame, rC+} (Trog gifted it to you in the Dungeon)
  1006 | D        | Received a gift from Trog
  1295 | D        | Found Deur Jukh's Assorted Antiques.
  1299 | D        | Found Qeegoan's Jewellery Shoppe.
  1311 | D        | Received a gift from Trog
  1355 | D        | Bought a scroll labelled ALURITHRUIWKE for 23 gold pieces
  1355 | D        | Bought a scroll of enchant weapon for 172 gold pieces
  1355 | D        | Bought a scroll of enchant armour for 172 gold pieces
  1424 | D        | Noticed Psyche
  1429 | D        | Killed Psyche
  1429 | D        | Received a gift from Trog
  1636 | D        | Noticed a tengu warrior
  1642 | D        | Killed a tengu warrior
  1646 | D        | Noticed a centaur warrior
  1647 | D        | Noticed a fire dragon
  1653 | D        | Noticed a stone giant
  1657 | D        | Noticed a tengu reaver
  1659 | D        | Received a gift from Trog
  1661 | D        | Noticed a green very ugly thing
  1662 | D        | Killed a centaur warrior
  1663 | D        | Noticed an ice dragon
  1673 | D        | Killed a stone giant
  1677 | D        | Killed from afar by a tengu reaver

Illustrated notes

Levels and vault maps discovered:
D:        linesprint [early_d, line_temple, items_1, d_10, items_2, lair_1,
          lair_end, items_3, orc_1, orc_end, items_4, d_15, swamp_1, shoals_1,
          snake_1, spider_1, d_20, vaults_1, items_5, swamp_end, shoals_end,
          snake_end, spider_end, vaults_end, d_27, items_6, zot_1, zot_end,
          crypt_end, forest_end, elf_end, slime_end, tomb_end, abyss_end,
          pan_hell_end]

Skill      XL: |  1  2  3  4  5  6  7  8  9 10 11 12 |
---------------+-------------------------------------+-----
Fighting       | 5 8 10 11 12 14 16 18 20 | 20.0
Axes           | 5 8 10 11 12 14 16 18 20 | 20.0
Armour         | 4 5 7 10 12 14 16 18 19 | 19.8
Dodging        | 4 7 9 10 11 13 15 17 18 | 18.3

Action                     |  1- 3 |  4- 6 |  7- 9 | 10-12 || total
---------------------------+-------+-------+-------+-------++-------
  Melee: Hand axe          |    32 |       |       |       ||    32
         Headbutt          |     6 |     1 |    13 |    26 ||    46
         Halberd           |       |    12 |    52 |    27 ||    91
         Executioner's axe |       |       |       |   162 ||   162
 Invoke: Berserk           |     1 |     1 |     2 |     8 ||    12
         Brothers in Arms  |       |       |     1 |     1 ||     2
         Trog's Hand       |       |       |       |     1 ||     1
  Evoke: Wand              |       |       |     1 |     1 ||     2
    Use: Potion            |     1 |       |     2 |     4 ||     7
         Scroll            |       |       |     1 |    12 ||    13
 Armour: Animal skin       |    14 |       |       |       ||    14
         Scale mail        |       |    13 |    33 |   107 ||   153
         Chain mail        |       |       |       |    44 ||    44
  Dodge: Dodged            |    17 |     8 |    27 |   123 ||   175

Table legend: (Time is in decaauts)
 A = Elapsed time spent in this place.
 B = Non-inter-level travel time spent in this place.
 C = Inter-level travel time spent in this place.
 D = Time resting spent in this place.
 E = Time spent auto-exploring this place.
 F = Levels seen in this place.
 G = Mean time per level.
                   A        B        C        D        E       F      G
               +--------+--------+--------+--------+--------+-----+--------+
         Total |   1814 |   1814 |      0 |    401 |    361 |   1 | 1814.0 |
       Dungeon |   1814 |   1814 |      0 |    401 |    361 |   1 | 1814.0 |
               +--------+--------+--------+--------+--------+-----+--------+

Top non-repeatable levels by time:
       D: 1814 daAuts
